 Dungeon Sprint DCSS version 0.19.5 (webtiles) character file.

56 sweetandcool the Fighter (level 9, -3/81 HPs)
             Began as a Human Berserker on Mar 20, 2017.
             Was a Priest of Trog.
             Slain by an alligator (21 damage)
             ... in the Dungeon (Sprint VI: "Thunderdome").
             The game lasted 00:14:42 (702 turns).

sweetandcool the Fighter (Human Berserker)           Turns: 702, Time: 00:14:43

Health: -3/81      AC:  8    Str: 23    XL:     9   Next: 33%
Magic:  9/9        EV: 17    Int:  8    God:    Trog [***...]
Gold:   165        SH:  0    Dex: 11    Spells: 0 memorised, 8 levels left

rFire  + . .     SeeInvis +     a - +0 hand axe
rCold  x . .     Gourm    +     c - +0 mottled dragon scales
rNeg   . . .     Faith    .     (no shield)
rPois  .         Spirit   .     (no helmet)
rElec  .         Reflect  .     (no cloak)
rCorr  .         Harm     .     (no gloves)
MR     +....     NoTele   +     (no boots)
Stlth  +.........               o - amulet of Xoylom {Gourm MR+ Str+4 Dex-5}
                                p - ring "Gumyj" {Fire +Blink MR+ Slay+2 Stlth+}
                                n - ring of Vanity {MR- Str+2 SInv Stlth-}

@: starving
A: no striking features
a: Berserk, Trog's Hand, Burn Spellbooks, Renounce Religion, Evoke Blink


You were in the Dungeon.
You worshipped Trog.
Trog was most pleased with you.
You were starving.

You visited 1 branch You collected 300 gold pieces.
You spent 135 gold pieces at shops.

Inventory:

Hand Weapons
 a - a +0 hand axe (weapon)
Armour
 b - a +0 animal skin
 c - +0 mottled dragon scales (worn)
Jewellery
 n - the ring of Vanity (left hand) {MR- Str+2 SInv Stlth-}
   (You bought it in a shop in the Dungeon)

   [ring of loudness]

   It affects your strength (+2).
   It affects your resistance to hostile enchantments.
   It lets you see invisible.
   It makes you less stealthy.
 o - the amulet of Xoylom (around neck) {Gourm MR+ Str+4 Dex-5}
   (You bought it in a shop in the Dungeon)

   [amulet of the gourmand]

   It allows you to eat raw meat even when not hungry.
   It affects your strength (+4).
   It affects your dexterity (-5).
   It affects your resistance to hostile enchantments.
 p - the ring "Gumyj" (right hand) {Fire +Blink MR+ Slay+2 Stlth+}
   (You bought it in a shop in the Dungeon)

   [ring of fire]

   It enhances your fire magic.
   It affects your accuracy and damage with ranged weapons and melee attacks
   (+2).
   It protects you from fire.
   It makes you vulnerable to cold.
   It affects your resistance to hostile enchantments.
   It lets you blink.
   It makes you more stealthy.
Wands
 j - a wand of acid (4/15)
 k - a wand of iceblast (3/15)
Scrolls
 i - 3 scrolls of blinking
 l - 3 scrolls of fog
Potions
 d - a potion of curing
 f - 4 potions of haste
 g - 2 potions of magic
 h - a potion of berserk rage
 m - a potion of resistance


   Skills:
 + Level 11.0 Fighting
 + Level 10.9 Axes
 - Level 8.4 Armour
 + Level 10.7 Dodging


You had 8 spell levels left.
You didn't know any spells.

Dungeon Overview and Level Annotations

Branches:
Dungeon (1/1)

Altars:
Cheibriados
Dithmenos
Fedhas
Gozag
Kikubaaqudgha
Makhleb
Okawaru
Qazlal
Ru
Sif Muna
Trog
Uskayaw
Vehumet
Xom
Yredelemnul
Zin
The Shining One
Beogh
Jiyva
Lugonu

Shops:
D *[%??*?*:[((!!!!


Message History

The bog body touches you but does no damage.
You barely miss the bog body. You slash the witch!
The witch casts a spell.
The witch flickers and vanishes for a moment.
Your troll bites the alligator!
Your troll barely misses the alligator. x2
The alligator bites your troll! The alligator tail-slaps your troll!
Your troll dies!
Your troll's corpse disappears in a puff of smoke!
The bog body misses you. The bog body completely misses you.
Your two-headed ogre goes berserk!
You are near starving!
You feel less exhausted. The witch closely misses you.
The bog body completely misses you. The bog body touches you.
The bog body freezes you!!
You feel a terrible chill!
* * * LOW HITPOINT WARNING * * *
Your black bear goes berserk!
You are starving!
You can no longer call in reinforcements.
The alligator bites you!!
You die...

#⌠...........⌠#
######.8.........8.######
##∩___......###......__.∩##
#∩........8.# #.8........∩###
............###.............##
.........###...###..........⌠#
....†....# #.<.# #..........⌠#
.........###...###h.........⌠#
.†.....n....###n@t..........##
#∩........8.# #p8........∩###
##∩.__......###...O..___∩##
######.8.........8.######
#⌠...........⌠#
###.........### #_........#
#_......._# #_......._#


You could see an alligator, a witch (invisible), a bog body, a friendly
two-headed ogre (berserk) and a friendly black bear (berserk).

Vanquished Creatures
  An alligator (D)
  3 fire elementals (D)
  2 mottled dragons (D)
  3 floating eyes (D)
  2 necrophages (D)
  A scorpion (D)
  2 jellies (D)
  A gnoll (D)
  A bat skeleton (D)
  A giant cockroach (D)
  A hobgoblin (D)
  A ball python (D)
19 creatures vanquished.

Notes
Turn   | Place    | Note
-------+----------+-------------------------------------------
     0 | D        | sweetandcool the Human Berserker began the quest for the Orb.
     0 | D        | Reached XP level 1. HP: 18/18 MP: 1/1
     3 | D        | Found a sacrificial altar of Ru.
     3 | D        | Found a deep blue altar of Sif Muna.
     4 | D        | Found an ancient bone altar of Kikubaaqudgha.
     4 | D        | Found a blossoming altar of Fedhas.
     5 | D        | Found an opulent altar of Gozag.
     5 | D        | Found a glowing silver altar of Zin.
     6 | D        | Found a corrupted altar of Lugonu.
     6 | D        | Found Miuxar's Premium Goods.
     6 | D        | Found Netelury's Weapon Rack.
     6 | D        | Round 1.
     7 | D        | Found Luibecw's Miscellaneous Merchandise.
     7 | D        | Found Plog's Basic Armour.
    12 | D        | Found a stormy altar of Qazlal.
    30 | D        | Found Ehacadai's Identification Station.
    31 | D        | Found Jaqy's Advanced Armour.
    31 | D        | Found Geniofai's Jewellery.
    32 | D        | Found a bloodstained altar of Trog.
    32 | D        | Found a viscous altar of Jiyva.
    32 | D        | Found a roughly hewn altar of Beogh.
    32 | D        | Found Onauj's Bee Food.
    46 | D        | Bought a fine amber ring for 45 gold pieces
    46 | D        | Bought a twitching amethyst amulet for 45 gold pieces
    46 | D        | Bought a smoking platinum ring for 45 gold pieces
    46 | D        | Identified the amulet of Xoylom {Gourm MR+ Str+4 Dex-5} (You bought it in a shop in the Dungeon)
    47 | D        | Identified the ring of Vanity {MR- Str+2 SInv Stlth-} (You bought it in a shop in the Dungeon)
    48 | D        | Identified the ring "Gumyj" {Fire +Blink MR+ Slay+2 Stlth+} (You bought it in a shop in the Dungeon)
    51 | D        | Noticed a scorpion
    54 | D        | Found a snail-covered altar of Cheibriados.
    54 | D        | Found a radiant altar of Vehumet.
    63 | D        | Killed a scorpion
    63 | D        | Reached skill level 4 in Fighting
    63 | D        | Reached XP level 2. HP: 26/26 MP: 2/2
    63 | D        | Reached XP level 3. HP: 31/31 MP: 3/3
    66 | D        | Reached ** piety under Trog
    66 | D        | Reached XP level 4. HP: 38/38 MP: 4/4
    74 | D        | Found a shadowy altar of Dithmenos.
    75 | D        | Found an iron altar of Okawaru.
    75 | D        | Found a burning altar of Makhleb.
    75 | D        | Found Xyubb's Magic Scroll Shop.
    75 | D        | Found Henaacici's Staff Store.
    76 | D        | Found Soudoj's Magic Scroll Shop.
    76 | D        | Found Ywkuv's Must-Have Magic.
    97 | D        | Found a shimmering altar of Xom.
    99 | D        | Found a hide-covered altar of Uskayaw.
    99 | D        | Found Hegesol's Distillery.
    99 | D        | Found Lijiaz's Distillery.
   100 | D        | Found Ecran's Bottled Wisdom.
   101 | D        | Found a basalt altar of Yredelemnul.
   101 | D        | Found a glowing golden altar of the Shining One.
   101 | D        | Found Rismopn's Do-It-Yourself Clinic.
   161 | D        | Arena points: 6 (+6) [x1]
   176 | D        | Round 2.
   290 | D        | Noticed a necrophage
   301 | D        | Killed a necrophage
   301 | D        | Reached skill level 5 in Fighting
   301 | D        | Reached skill level 5 in Axes
   301 | D        | Reached skill level 5 in Armour
   301 | D        | Reached skill level 5 in Dodging
   301 | D        | Reached XP level 5. HP: 27/45 MP: 5/5
   323 | D        | Noticed a necrophage
   336 | D        | Killed a necrophage
   336 | D        | Reached *** piety under Trog
   336 | D        | Reached skill level 6 in Fighting
   336 | D        | Reached XP level 6. HP: 51/52 MP: 6/6
   352 | D        | Arena points: 14 (+8) [x1]
   362 | D        | Round 3.
   362 | D        | Noticed a floating eye
   369 | D        | Killed a floating eye
   369 | D        | Reached skill level 7 in Fighting
   426 | D        | Noticed a floating eye
   426 | D        | Paralysed by a floating eye for 3 turns
   433 | D        | Killed a floating eye
   433 | D        | Reached skill level 8 in Fighting
   433 | D        | Reached XP level 7. HP: 30/61 MP: 7/7
   464 | D        | Paralysed by a floating eye for 2 turns
   467 | D        | Reached **** piety under Trog
   499 | D        | Arena points: 32 (+18) [x1]
   514 | D        | Round 4.
   519 | D        | Noticed a mottled dragon
   530 | D        | Killed a mottled dragon
   530 | D        | Reached XP level 8. HP: 22/69 MP: 8/8
   555 | D        | Noticed a fire elemental
   559 | D        | Reached skill level 9 in Fighting
   561 | D        | Noticed a fire elemental
   566 | D        | Noticed a fire elemental
   578 | D        | Killed a fire elemental
   581 | D        | Killed a fire elemental
   582 | D        | Killed a fire elemental
   582 | D        | Reached ***** piety under Trog
   582 | D        | Reached skill level 10 in Fighting
   582 | D        | Reached skill level 10 in Axes
   593 | D        | Noticed a fire bat
   621 | D        | Arena points: 56 (+24) [x1]
   636 | D        | Round 5.
   637 | D        | Noticed an alligator
   656 | D        | Killed an alligator
   656 | D        | Reached skill level 11 in Fighting
   656 | D        | Reached skill level 10 in Dodging
   656 | D        | Reached XP level 9. HP: 25/81 MP: 9/9
   662 | D        | Noticed a witch
   690 | D        | Noticed a bog body
   694 | D        | Noticed a bog body
   694 | D        | Noticed an alligator
   702 | D        | Slain by an alligator

Skill      XL: |  1  2  3  4  5  6  7  8 |
---------------+-------------------------+-----
Fighting       | 4 5 6 8 11 | 11.0
Axes           | 4 5 6 7 8 10 | 10.9
Armour         | 3 5 6 7 8 |  8.4
Dodging        | 3 5 6 7 8 10 | 10.7

Action                   |  1- 3 |  4- 6 |  7- 9 || total
-------------------------+-------+-------+-------++-------
Melee: Hand axe          |     6 |    31 |    59 ||    96
Invok: Berserk           |     1 |     2 |     4 ||     7
       Trog's Hand       |       |       |     1 ||     1
       Brothers in Arms  |       |       |     3 ||     3
Evoke: Wand              |       |       |     3 ||     3
  Use: Potion            |       |       |     4 ||     4
       Scroll            |       |       |     1 ||     1
 Stab: Distracted        |       |       |     1 ||     1
  Eat: Chunk             |       |     3 |       ||     3
       Bread ration      |       |       |     1 ||     1
Armor: Animal skin       |       |     2 |     9 ||    11
       Mottled dragon sc |       |       |    12 ||    12
Dodge: Dodged            |     2 |     9 |    48 ||    59
